TOP OF THE 1ST |
Bismarck Barons batting - Pitching for Culver City Extras : LHP Sebastián Cervantes
|
Pitching: LHP Sebastián Cervantes
|
|
Batting: SHB Álex Hernández
|
0-0: Swinging Strike 0-1: Ground out 6-3 (Groundball, 6)
|
Batting: RHB Jon Krohne
|
0-0: Called Strike 0-1: Foul Ball, location: 2F 0-2: Ball 1-2: Foul Ball, location: 2F 1-2: DOUBLE (Line Drive, 7D)
|
Batting: RHB Seiji Kouno
|
0-0: Ball 1-0: TRIPLE (Flyball, 8LXD) Jon Krohne scores
|
Batting: RHB Fernando Castellanos
|
0-0: Ball 1-0: Ball 2-0: Foul Ball, location: 2F 2-1: Called Strike 2-2: Strikes out swinging
|
Batting: SHB Jeff Chambers
|
0-0: Ball 1-0: Ball 2-0: Ball 3-0: Called Strike 3-1: Base on Balls
|
Batting: LHB Johnny Foley
|
0-0: Swinging Strike 0-1: Ball 1-1: Ball 2-1: Ball 3-1: Foul Ball, location: 2F 3-2: Base on Balls Jeff Chambers to second
|
Batting: LHB José Martínez
|
0-0: Foul Ball, location: 2F 0-1: Ball 1-1: Swinging Strike 1-2: Ball 2-2: Ball 3-2: Fly out, F8 (Flyball, 89M)
|
Top of the 1st over - 1 run(s), 2 hit(s), 0 error(s), 3 left on base; Bismarck 1 - Culver City 0 |
BOTTOM OF THE 1ST |
Culver City Extras batting - Pitching for Bismarck Barons : RHP César Sánchez
|
Pitching: RHP César Sánchez
|
|
Batting: RHB Augusto Trevino
|
0-0: Ball 1-0: Ball 2-0: Foul Ball, location: 2F 2-1: Ball 3-1: Base on Balls
|
Batting: RHB Cooper Richard
|
0-0: Called Strike 0-1: Called Strike 0-2: Ball 1-2: Strikes out looking
|
Batting: RHB Ramón Molina
|
0-0: Ball 1-0: Called Strike 1-1: Ball 2-1: Swinging Strike 2-2: Foul Ball, location: 2F 2-2: Ball 3-2: Fly out, F9 (Flyball, 9S)
|
Batting: SHB Juan Carlos Mesa
|
0-0: Called Strike Augusto Trevino steals 2nd base 0-1: Ball 1-1: Ground out 1-3 (Groundball, 13S)
|
Bottom of the 1st over - 0 run(s), 0 hit(s), 0 error(s), 1 left on base; Bismarck 1 - Culver City 0 |
TOP OF THE 2ND |
Bismarck Barons batting - Pitching for Culver City Extras : LHP Sebastián Cervantes
|
Batting: RHB Felipe Domínguez
|
0-0: Foul Ball, location: 2F 0-1: Ball 1-1: Ball 2-1: SINGLE (Groundball, 6MD)
|
Batting: RHB Pancho Torres
|
0-0: Ball 1-0: Ball Wild Pitch! Felipe Domínguez to second 2-0: Called Strike 2-1: Called Strike 2-2: Strikes out looking
|
Batting: SHB Álex Hernández
|
0-0: Ball 1-0: Ball 2-0: Ball 3-0: Base on Balls
|
Batting: RHB Jon Krohne
|
0-0: Foul Ball, location: 2F 0-1: DOUBLE (Line Drive, 78D) Felipe Domínguez scores Álex Hernández to third
|
Batting: RHB Seiji Kouno
|
0-0: Ball 1-0: Ball 2-0: Called Strike 2-1: Called Strike 2-2: Ball Wild Pitch! Álex Hernández scores Jon Krohne to third 3-2: Strikes out swinging
|
Batting: RHB Fernando Castellanos
|
0-0: Ball 1-0: Ball 2-0: Swinging Strike 2-1: Fly out, F8 (Flyball, 8RD)
|
Top of the 2nd over - 2 run(s), 2 hit(s), 0 error(s), 1 left on base; Bismarck 3 - Culver City 0 |
BOTTOM OF THE 2ND |
Culver City Extras batting - Pitching for Bismarck Barons : RHP César Sánchez
|
Batting: LHB Randy Wiggins
|
0-0: Ball 1-0: Fly out, F6 (Popup, 6)
|
Batting: RHB Bob Magee
|
0-0: Ball 1-0: Called Strike 1-1: Ball 2-1: Ball 3-1: Base on Balls
|
Batting: RHB Eugene Booth
|
0-0: Called Strike 0-1: Foul Ball, location: 2F 0-2: Ball 1-2: Ball 2-2: Grounds into double play, 6-4-3 (Groundball, 56)
|
Bottom of the 2nd over - 0 run(s), 0 hit(s), 0 error(s), 0 left on base; Bismarck 3 - Culver City 0 |
BOTTOM OF THE 3RD |
Culver City Extras batting - Pitching for Bismarck Barons : RHP César Sánchez
|
Batting: LHB Richard Bell
|
0-0: Ball 1-0: Ball 2-0: Called Strike 2-1: Called Strike 2-2: Ground out 5-3 (Groundball, 56S)
|
Batting: RHB Shawn Gutiérrez
|
0-0: Ground out 4-3 (Groundball, 4)
|
Batting: RHB Augusto Trevino
|
0-0: Ball 1-0: Ball 2-0: Ball 3-0: Base on Balls
|
Batting: RHB Cooper Richard
|
0-0: Ball 1-0: Ball 2-0: Called Strike 2-1: Ball 3-1: Fly out, F8 (Flyball, 8LM)
|
Bottom of the 3rd over - 0 run(s), 0 hit(s), 0 error(s), 1 left on base; Bismarck 4 - Culver City 0 |
TOP OF THE 4TH |
Bismarck Barons batting - Pitching for Culver City Extras : LHP Sebastián Cervantes
|
Batting: RHB Jon Krohne
|
0-0: Called Strike 0-1: Fly out, F9 (Flyball, 9S)
|
Batting: RHB Seiji Kouno
|
0-0: Ball 1-0: Swinging Strike 1-1: Ball 2-1: Ball 3-1: Fly out, F8 (Flyball, 8RS)
|
Batting: RHB Fernando Castellanos
|
0-0: Foul Ball, location: 2F 0-1: Ground out 4-3 (Groundball, 4)
|
Top of the 4th over - 0 run(s), 0 hit(s), 0 error(s), 0 left on base; Bismarck 4 - Culver City 0 |
BOTTOM OF THE 4TH |
Culver City Extras batting - Pitching for Bismarck Barons : RHP César Sánchez
|
Batting: RHB Ramón Molina
|
0-0: Ball 1-0: Foul Ball, location: 2F 1-1: Foul Ball, location: 2F 1-2: Ball 2-2: Ball 3-2: SINGLE (Line Drive, 8RS)
|
Batting: SHB Juan Carlos Mesa
|
0-0: Foul Ball, location: 2F 0-1: Swinging Strike 0-2: Ball 1-2: Ball 2-2: Strikes out swinging
|
Batting: LHB Randy Wiggins
|
0-0: Fielders Choice at 2nd, 6-4 (Groundball, 6)
|
Batting: RHB Bob Magee
|
0-0: Called Strike 0-1: Fly out, F9 (Flyball, 9LS)
|
Bottom of the 4th over - 0 run(s), 1 hit(s), 0 error(s), 1 left on base; Bismarck 4 - Culver City 0 |
TOP OF THE 5TH |
Bismarck Barons batting - Pitching for Culver City Extras : LHP Sebastián Cervantes
|
Batting: SHB Jeff Chambers
|
0-0: Fly out, F8 (Flyball, 8RM)
|
Batting: LHB Johnny Foley
|
0-0: Called Strike 0-1: Ball 1-1: Called Strike 1-2: Strikes out swinging
|
Batting: LHB José Martínez
|
0-0: Called Strike 0-1: Foul Ball, location: 2F 0-2: Ball 1-2: Strikes out looking
|
Top of the 5th over - 0 run(s), 0 hit(s), 0 error(s), 0 left on base; Bismarck 4 - Culver City 0 |
BOTTOM OF THE 5TH |
Culver City Extras batting - Pitching for Bismarck Barons : RHP César Sánchez
|
Batting: RHB Eugene Booth
|
0-0: Swinging Strike 0-1: Ground out 5-3 (Groundball, 56)
|
Batting: LHB Richard Bell
|
0-0: Ball 1-0: Ball 2-0: Foul Ball, location: 2F 2-1: Ball 3-1: Foul Ball, location: 2F 3-2: Base on Balls
|
Batting: RHB Shawn Gutiérrez
|
0-0: SINGLE (Line Drive, 78S) Richard Bell to second
|
Batting: RHB Augusto Trevino
|
0-0: Ball 1-0: Ball 2-0: Ball 3-0: Base on Balls Richard Bell to third Shawn Gutiérrez to second
|
Batting: RHB Cooper Richard
|
0-0: Called Strike 0-1: Called Strike 0-2: Ball 1-2: Grounds into double play, 6-4-3 (Groundball, 56)
|
Bottom of the 5th over - 0 run(s), 1 hit(s), 0 error(s), 2 left on base; Bismarck 4 - Culver City 0 |
TOP OF THE 6TH |
Bismarck Barons batting - Pitching for Culver City Extras : LHP Sebastián Cervantes
|
Pitching: RHP Juan Fonseca
|
|
Batting: RHB Felipe Domínguez
|
0-0: Called Strike 0-1: Ball 1-1: Foul Ball, location: 2F 1-2: Strikes out swinging
|
Batting: RHB Pancho Torres
|
0-0: Ball 1-0: Foul Ball, location: 2F 1-1: Foul Ball, location: 2F 1-2: Ball 2-2: Foul Ball, location: 2F 2-2: Foul Ball, location: 2F 2-2: Strikes out looking
|
Batting: SHB Álex Hernández
|
0-0: Called Strike 0-1: Swinging Strike 0-2: Ball 1-2: SINGLE (Line Drive, 8LS)
|
Batting: RHB Jon Krohne
|
0-0: Ball 1-0: Called Strike 1-1: SINGLE (Line Drive, 9LS) Álex Hernández to second
|
Batting: RHB Seiji Kouno
|
0-0: Ball 1-0: Called Strike 1-1: Ball 2-1: Ball 3-1: Foul Ball, location: 2F 3-2: Strikes out looking
|
Top of the 6th over - 0 run(s), 2 hit(s), 0 error(s), 2 left on base; Bismarck 4 - Culver City 0 |
BOTTOM OF THE 6TH |
Culver City Extras batting - Pitching for Bismarck Barons : RHP César Sánchez
|
Batting: RHB Ramón Molina
|
0-0: Fly out, F7 (Flyball, 78D)
|
Batting: SHB Juan Carlos Mesa
|
0-0: Ball 1-0: Ball 2-0: SINGLE (Groundball, 4D)
|
Batting: LHB Randy Wiggins
|
0-0: Ball 1-0: Swinging Strike 1-1: Called Strike 1-2: Ball 2-2: Strikes out swinging Juan Carlos Mesa steals 2nd base Batter strikes out.
|
Batting: RHB Bob Magee
|
0-0: Foul Ball, location: 2F 0-1: Swinging Strike 0-2: Foul Ball, location: 2F 0-2: Ball 1-2: Ball 2-2: Strikes out looking
|
Bottom of the 6th over - 0 run(s), 1 hit(s), 0 error(s), 1 left on base; Bismarck 4 - Culver City 0 |
BOTTOM OF THE 7TH |
Culver City Extras batting - Pitching for Bismarck Barons : RHP César Sánchez
|
Batting: RHB Eugene Booth
|
0-0: Ball 1-0: Called Strike 1-1: Foul Ball, location: 2F 1-2: Foul Ball, location: 2F 1-2: Ball 2-2: SINGLE (Groundball, 56D)
|
Pitching: RHP Neil Birss
|
|
Batting: LHB Richard Bell
|
0-0: Foul Ball, location: 2F 0-1: Ball 1-1: Called Strike 1-2: Ball 2-2: Ball 3-2: Base on Balls Eugene Booth to second
|
Batting: RHB Shawn Gutiérrez
|
0-0: Ball Eugene Booth steals 3rd base Richard Bell to second 1-0: Swinging Strike 1-1: Ball 2-1: Called Strike 2-2: Ball 3-2: Strikes out swinging
|
Batting: RHB Augusto Trevino
|
0-0: Called Strike 0-1: Ball 1-1: Ground out 1-3 (Groundball, P)
|
Batting: RHB Cooper Richard
|
0-0: Foul Ball, location: 2F 0-1: Foul Ball, location: 2F 0-2: Foul Ball, location: 2F 0-2: Fly out, F8 (Flyball, 8RXD)
|
Bottom of the 7th over - 0 run(s), 1 hit(s), 0 error(s), 2 left on base; Bismarck 5 - Culver City 0 |
TOP OF THE 8TH |
Bismarck Barons batting - Pitching for Culver City Extras : LHP Luis Perea
|
Batting: SHB Álex Hernández
|
0-0: Called Strike 0-1: Foul Ball, location: 2F 0-2: Foul Ball, location: 2F 0-2: SOLO HOME RUN (Flyball, 7D), Distance : 370 ft
|
Batting: RHB Jon Krohne
|
0-0: Fly out, F5 (Popup, 5)
|
Batting: RHB Seiji Kouno
|
0-0: Called Strike 0-1: Foul Ball, location: 2F 0-2: Strikes out looking
|
Batting: RHB Fernando Castellanos
|
0-0: Called Strike 0-1: Ball 1-1: Called Strike 1-2: Strikes out swinging
|
Top of the 8th over - 1 run(s), 1 hit(s), 0 error(s), 0 left on base; Bismarck 6 - Culver City 0 |
BOTTOM OF THE 8TH |
Culver City Extras batting - Pitching for Bismarck Barons : RHP Neil Birss
|
Now in CF: Manny Salazar
|
|
Batting: RHB Ramón Molina
|
0-0: Called Strike 0-1: Called Strike 0-2: Ball 1-2: SINGLE (Groundball, 56D)
|
Batting: SHB Juan Carlos Mesa
|
0-0: Ball 1-0: Foul Ball, location: 2F 1-1: Fly out, F3 (Line Drive, 34) Lined into DP, U3 (Line Drive, 34)
|
Batting: LHB Randy Wiggins
|
0-0: Ball 1-0: Ball 2-0: Ball 3-0: Base on Balls
|
Batting: RHB Bob Magee
|
0-0: Ball 1-0: Ball 2-0: Called Strike 2-1: Ball 3-1: SINGLE (Groundball, 56D) Randy Wiggins to second Runner from 2nd tries for 3rd, SAFE, no throw
|
Batting: RHB Eugene Booth
|
0-0: Ball 1-0: Ball 2-0: Ball 3-0: Foul Ball, location: 2F 3-1: SINGLE (Groundball, 6MD) Randy Wiggins scores Bob Magee to second
|
Batting: LHB Richard Bell
|
0-0: Called Strike 0-1: Foul Ball, location: 2F 0-2: Foul Ball, location: 2F 0-2: Fielders Choice at 2nd, 4-6 (Groundball, 34)
|
Bottom of the 8th over - 1 run(s), 3 hit(s), 0 error(s), 1 left on base; Bismarck 6 - Culver City 1 |
TOP OF THE 9TH |
Bismarck Barons batting - Pitching for Culver City Extras : LHP Luis Perea
|
Batting: SHB Jeff Chambers
|
0-0: Ball 1-0: Ball 2-0: Ball 3-0: Called Strike 3-1: Ground out 5-3 (Groundball, 5S)
|
Batting: LHB Johnny Foley
|
0-0: Ball 1-0: Foul Ball, location: 2F 1-1: Called Strike 1-2: Foul Ball, location: 2F 1-2: Foul Ball, location: 2F 1-2: Fly out, F9 (Flyball, 9S)
|
Batting: LHB José Martínez
|
0-0: Foul Ball, location: 2F 0-1: Foul Ball, location: 2F 0-2: Ball 1-2: Ball 2-2: Foul Ball, location: 2F 2-2: Strikes out swinging
|
Top of the 9th over - 0 run(s), 0 hit(s), 0 error(s), 0 left on base; Bismarck 6 - Culver City 1 |
BOTTOM OF THE 9TH |
Culver City Extras batting - Pitching for Bismarck Barons : RHP Neil Birss
|
Pitching: LHP Christiano Gomes
|
|
Batting: RHB Shawn Gutiérrez
|
0-0: Ball 1-0: Called Strike 1-1: Ground out 4-3 (Groundball, 34)
|
Batting: RHB Augusto Trevino
|
0-0: Ball 1-0: Foul Ball, location: 2F 1-1: Ball 2-1: Ball 3-1: Called Strike 3-2: Reached on error, E6 (Groundball, 6S)
|
Batting: RHB Cooper Richard
|
0-0: Foul Ball, location: 2F 0-1: Called Strike 0-2: Fly out, F7 (Flyball, 78D)
|
Batting: RHB Ramón Molina
|
0-0: Foul Ball, location: 2F 0-1: Foul Ball, location: 2F 0-2: Foul Ball, location: 2F 0-2: Ball 1-2: Foul Ball, location: 2F 1-2: Ball 2-2: Ball 3-2: Foul Ball, location: 2F 3-2: SINGLE (Line Drive, 6M) Augusto Trevino to third Augusto Trevino scores
|
Batting: SHB Juan Carlos Mesa
|
0-0: Fielders Choice at 2nd, 6-4 (Groundball, 6)
|
Bottom of the 9th over - 1 run(s), 1 hit(s), 1 error(s), 0 left on base; Bismarck 6 - Culver City 2 |
|